 Dungeon Crawl Stone Soup version 0.32-a0-18-g89e19f1974 (webtiles) character file.

Game seed: 2019504286571012326

923 Dirtsage the Changeling (level 8, -3/75 (81) HPs)
             Began as an Octopode Shapeshifter on Jan 16, 2024.
             Slain by a wight
             ... wielding a +4 morningstar
              (9 damage)
             ... on level 6 of the Dungeon.
             The game lasted 00:05:39 (4164 turns).

Dirtsage the Changeling (Octopode Shapeshifter)     Turns: 4164, Time: 00:05:39

HP:   -3/75 (81)    AC: 24    Str: 14    XL:     8   Next: 10%
MP:   8/8           EV:  2    Int: 12    God:
Gold: 274           SH:  0    Dex: 13    Spells: 7/7 levels left

rFire   + .          .
                       - Unarmed
rCold   . . .        (no shield)
rNeg    . . .        (helmet currently unavailable)
rPois   +            (no amulet)
rElec   .            F - ring of protection from fire
rCorr   .            (no ring)
SInv    .            (no ring)
Will    .....        (no ring)
Stlth   +            (no ring)
HPRegen 0.32/turn    (no ring)
MPRegen 0.11/turn    (no ring)
                     (no ring)

%: no passive effects
@: tree-form, drained
A: stationary, stasis, torment immunity, boosted hp, almost no armour,
(amphibious), 8 rings, (camouflage 1), (gelatinous body 1), (nimble swimmer 1),
(tentacles)
a: no special abilities


You were on level 6 of the Dungeon.
You were a tree.
You visited 1 branch of the dungeon, and saw 6 of its levels.

You collected 274 gold pieces.

Inventory:

Missiles
 i - a curare-tipped dart
 n - a throwing net (quivered)
Magical Staves
 k - a staff of air
Jewellery
 F - a ring of protection from fire (left branch)
Talismans
 b - a beast talisman
 c - a flux talisman
Wands
 o - a wand of roots (6)
Scrolls
 h - 2 scrolls of immolation
 j - a scroll of acquirement {unknown}
 m - a scroll of noise {unknown}
 B - a scroll of blinking
Potions
 d - a potion of might
 e - a potion of degeneration {unknown}
 f - 2 potions of invisibility {unknown}
 g - 3 potions of enlightenment {unknown}
 p - a potion of magic
 q - 5 potions of curing


   Skills:
 + Level 4.0 Fighting
 + Level 4.3 Dodging
 + Level 5.0 Unarmed Combat
 * Level 6.0 Shapeshifting


You had 7 spell levels left.
You didn't know any spells.
Your spell library was empty.

Dungeon Overview and Level Annotations

Branches:
Dungeon (6/15)
 Temple: D:4-7

Altars:


Innate Abilities, Weirdness & Mutations

You are a tree.
Your roots penetrate the ground, keeping you stationary.
You cannot be teleported.
You are immune to unholy pain and torment.
Your maximum health is greatly increased.
You cannot wear most types of armour.
((You are amphibious.))
You can wear up to eight rings at the same time.
((Your skin changes colour to match your surroundings (Stealth+).))
((Your rubbery body absorbs attacks. (AC +1, EV +1)))
((You are camouflaged when in or above water. (Stealth+)))
((You have tentacles for arms and can constrict up to eight enemies at once.))


Message History

There is a stone staircase leading up, spattered with blood here.
You climb upwards.
There is a stone staircase leading down here.
You start resting.
HP restored.
Health restored: 54 You climb downwards.
The wight misses you.
There is a stone staircase leading up, spattered with blood here.
You barely miss the wight. Your grab misses the wight.
Your tentacle-slap misses the wight.
The wight hits you with a +4 morningstar!
You feel drained.
You take 21 damage, and have 33/52 hp.
MASSIVE DAMAGE!!
You completely miss the wight. You grab the wight.
You constrict the wight, but do no damage.
The wight hits you with a +4 morningstar!
You take 12 damage, and have 21/52 hp.
MASSIVE DAMAGE!!
You bludgeon the wight!
The wight is heavily damaged.
You constrict the wight.
The wight hits you with a +4 morningstar!
* * * LOW HITPOINT WARNING * * *
You take 9 damage, and have 12/52 hp.
You tentacle-slap the wight but do no damage.
The wight is heavily damaged.
You constrict the wight, but do no damage.
The wight hits you with a +4 morningstar!
* * * LOW HITPOINT WARNING * * *
You take 11 damage, and have 1/52 hp.
MASSIVE DAMAGE!!
You feel much better.
You constrict the wight.
The wight hits you with a +4 morningstar!
* * * LOW HITPOINT WARNING * * *
You feel drained.
* * * LOW HITPOINT WARNING * * *
You regained 3 hp, and now have 4/50 hp.
Your transformation has ended.
You turn into a tree.
Your roots penetrate the ground.
You lose your grip on the wight.
The wight hits you with a +4 morningstar!
You die...

...
#.#
#.#
#)#
#.#
#.#
#K#
#z#
#♣#
###


You could see a wight and a kobold.

Vanquished Creatures
  An ice beast (D:6)
  2 ogres (D:5)
  2 phantoms (D:6)
  A kobold brigand (D:6)
  A scorpion (D:5)
  A wight (D:6)
  A bombardier beetle (D:3)
  A gnoll bouda (D:4)
  2 iguanas (D:4)
  Natasha (D:2)
  7 gnolls
  3 adders
  A shadow imp (D:4)
  2 ufetubi (D:5)
  2 ribbon worms
  4 dart slugs
  3 orcs (D:5)
  5 bats
  5 endoplasms
  2 giant cockroaches
  12 goblins
  7 hobgoblins
  3 jackals (D:4)
  3 quokkas
  3 ball pythons
  3 frilled lizards
  15 kobolds
  6 rats
99 creatures vanquished.

Notes
Turn   | Place    | Note
-------+----------+-------------------------------------------
     0 | D:1      | Dirtsage the Octopode Shapeshifter began the quest for the
                  | Orb.
     0 | D:1      | Reached XP level 1. HP: 13/13 MP: 1/1
    98 | D:1      | Reached XP level 2. HP: 15/18 MP: 2/2
   864 | D:2      | Reached XP level 3. HP: 23/23 MP: 3/3
  1367 | D:2      | Noticed Natasha
  1371 | D:2      | Killed Natasha
  1372 | D:2      | Reached XP level 4. HP: 15/29 MP: 4/4
  1787 | D:3      | Reached skill level 4 in Shapeshifting
  1932 | D:3      | Reached XP level 5. HP: 34/34 MP: 5/5
  2537 | D:4      | Reached XP level 6. HP: 34/41 MP: 6/6
  3192 | D:5      | Entered Level 5 of the Dungeon
  3448 | D:5      | Reached skill level 5 in Shapeshifting
  3454 | D:5      | Reached XP level 7. HP: 27/46 MP: 7/7
  4038 | D:6      | Reached XP level 8. HP: 36/54 MP: 8/8
  4042 | D:6      | Reached skill level 5 in Unarmed Combat
  4042 | D:6      | Reached skill level 6 in Shapeshifting
  4162 | D:6      | HP: 1/52 [wight/+4 morningstar (11)]
  4164 | D:6      | Slain by a wight

Illustrated notes

Levels and vault maps discovered:
D:1:      dpeg_arrival_tiny_a, layout_basic, dreamdust_princess_corridor
D:2:      layout_loops_ring, kennysheep_generic_room_9, uniq_natasha
D:3:      layout_loops_ring
D:4:      layout_cave_pools, amcnicky_mini_corridor_feature
D:5:      layout_basic
D:6:      layout_basic, minmay_temple_entry_trees, uniq_grinder, uniq_maggie,
          uniq_menkaure

Skill      XL: |  1  2  3  4  5  6  7  8 |
---------------+-------------------------+-----
Fighting       | 2 3 4 |  4.0
Shapeshifting  | 4 5 6 |  6.0
Dodging        | 3 4 |  4.3
Unarmed Combat | 4 5 |  5.0

Action                     |  1- 3 |  4- 6 |  7- 9 || total
---------------------------+-------+-------+-------++-------
  Melee: Unarmed           |    64 |   104 |    52 ||   220
         Constrict         |    20 |    29 |     6 ||    55
         Tentacles         |    14 |    27 |    10 ||    51
         Punch             |     2 |     7 |     4 ||    13
    Use: Potion            |     1 |       |     2 ||     3
         Scroll            |       |     5 |       ||     5
   Stab: Sleeping          |     6 |     5 |       ||    11
 Armour: Skin              |    27 |    38 |    22 ||    87
  Dodge: Dodged            |    36 |    58 |    23 ||   117

Table legend: (Time is in decaauts)
 A = Elapsed time spent in this place.
 B = Non-inter-level travel time spent in this place.
 C = Inter-level travel time spent in this place.
 D = Time resting spent in this place.
 E = Time spent auto-exploring this place.
 F = Levels seen in this place.
 G = Mean time per level.
                   A        B        C        D        E       F      G
               +--------+--------+--------+--------+--------+-----+--------+
         Total |   4147 |   3949 |    198 |    139 |   3182 |   6 |  691.2 |
       Dungeon |   4147 |   3949 |    198 |    139 |   3182 |   6 |  691.2 |
               +--------+--------+--------+--------+--------+-----+--------+

Top non-repeatable levels by time:
     D:5: 848 daAuts
     D:1: 847 daAuts
     D:3: 804 daAuts
     D:2: 775 daAuts
     D:4: 753 daAuts
     D:6: 117 daAuts
